 Dungeon Crawl Stone Soup version 0.27-a0-1290-g15d3ce7508 (webtiles) character file.

Game seed: 3068901770760204195

105 Ijustatesigmund the Sneak (level 4, -14/22 (23) HPs)
             Began as a Spriggan Brigand on June 15, 2021.
             Killed by divine providence
             ... invoked by an orc priest
              (17 damage)
             ... on level 4 of the Dungeon.
             The game lasted 00:03:33 (2336 turns).

Ijustatesigmund the Sneak (Spriggan Brigand)        Turns: 2336, Time: 00:03:33

HP:   -14/22 (23)   AC:  3    Str:  7    XL:     4   Next: 53%
MP:   5/5           EV: 19    Int: 16    God:
Gold: 227           SH:  0    Dex: 23    Spells: 3/3 levels left

rFire    . . .     SeeInvis +   a - +3 dagger
rCold    . . .     Faith    .   (shield restricted)
rNeg     + . .     Spirit   .   b - +0 robe
rPois    +         Reflect  .   (helmet restricted)
rElec    .         Harm     .   c - +0 cloak
rCorr    .         Rampage  .   (gloves unavailable)
Will     .....                  (boots unavailable)
Stlth    ++........             (no amulet)
HPRegen  0.07/turn              g - ring of Harmony {rPois rN+ Int+4 Dex+6}
MPRegen  0.09/turn              (no ring)

@: confused, attractive, lightly drained, very quick
A: very small, no large weapons, unfitting armour, see invisible, speed 3
a: no special abilities


You were on level 4 of the Dungeon.
You visited 1 branch of the dungeon, and saw 4 of its levels.

You collected 1214 gold pieces.
You spent 987 gold pieces at shops.

Inventory:

Hand Weapons
 a - a +3 dagger (weapon)
Missiles
 d - 22 poisoned darts (quivered)
 e - 2 curare-tipped darts
Armour
 b - a +0 robe (worn)
 c - a +0 cloak (worn)
Jewellery
 g - the ring of Harmony (left hand) {rPois rN+ Int+4 Dex+6}
   (You bought it in a shop on level 3 of the Dungeon)

   [ring of dexterity]

   It affects your intelligence (+4).
   It affects your dexterity (+6).
   It protects you from poison.
   It protects you from negative energy.
Scrolls
 h - a scroll of teleportation
Potions
 f - a potion of flight {unknown}
 i - 3 potions of attraction
 j - a potion of might {unknown}
 k - a potion of curing {unknown}
 l - a potion of brilliance {unknown}


   Skills:
 + Level 2.6 Fighting
 + Level 3.5 Short Blades
 - Level 2.0 Throwing
 + Level 3.4 Dodging
 - Level 5.8 Stealth


You had 3 spell levels left.
You didn't know any spells.
Your spell library was empty.

Dungeon Overview and Level Annotations

Branches:
Dungeon (4/15)
 Temple: D:4-7

Altars:
Hepliaklqana

Shops:
D:3 =


Innate Abilities, Weirdness & Mutations

You are very small and have problems with some larger weapons.
You are too small for most types of armour.
You have supernaturally acute eyesight. (SInv)
You cover ground extremely quickly. (Speed+++)


Message History

Found 14 gold pieces.
An orc and an orc priest come into view.
The helpless orc fails to defend itself.
You spit the orc like a pig!!!
You kill the orc!
The orc priest shouts!
The orc shouts!
The orc wizard misses you. The orc barely misses you. The orc misses you.
You hit the orc wizard.
The orc wizard is lightly wounded.
The orc wizard completely misses you. The orc misses you.
You closely miss the orc wizard.
The orc wizard is lightly wounded.
The orc closely misses you.
You hit the orc wizard.
The orc wizard is moderately wounded.
The orc wizard points at you and mumbles some strange words.
The magic dart hits you. The orc misses you. The orc barely misses you.
You hit the orc wizard but do no damage.
The orc wizard is moderately wounded.
The orc wizard gestures at you while chanting.
You are confused.
The orc misses you. The orc priest misses you.
The orc hits you with a +0 hand axe.
You are too injured to fight recklessly!
You are too injured to fight recklessly!
You are too injured to fight recklessly!
You are too injured to fight recklessly!
The orc priest mumbles some strange prayers to Beogh against you.
Pain shoots through your body!
* * * LOW HITPOINT WARNING * * *
It was a potion of attraction.
You feel attractive to monsters.
The orc wizard hits you with a +1 dagger of draining.
* * * LOW HITPOINT WARNING * * *
You partially resist.
You feel drained.
You bump into the rock wall.
The orc priest mumbles some strange prayers to Beogh against you.
Beogh smites you!
Ouch! That really hurt!
You die...

..###........##
..............#
$........##...##
.....##........#
......>........#
..............<#
.........#....##
.........####.#
..[....@### ###
..<..#.ooo#
.......o..#
##.#......#
.......####
....... .....#.
...#... ..# .


You could see an orc priest, an orc wizard and 2 orcs.

Vanquished Creatures
  3 adders (D:2)
  2 dart slugs (D:1)
  3 worms
  4 orcs
  8 endoplasms
  8 goblins
  4 hobgoblins
  3 jackals (D:1)
  7 kobolds
  2 quokkas (D:1)
  2 ball pythons (D:1)
  8 bats
  A frilled lizard (D:3)
  3 rats
58 creatures vanquished.

Vanquished Creatures (others)
  2 plants (D:3)
2 creatures vanquished.

Grand Total: 60 creatures vanquished

Notes
Turn   | Place    | Note
-------+----------+-------------------------------------------
     0 | D:1      | Ijustatesigmund the Spriggan Brigand began the quest for
                  | the Orb.
     0 | D:1      | Reached XP level 1. HP: 10/10 MP: 2/2
    57 | D:1      | Reached XP level 2. HP: 12/15 MP: 3/3
   541 | D:1      | Reached XP level 3. HP: 9/18 MP: 4/4
   677 | D:1      | Found a faded altar of an unknown god.
   959 | D:2      | Found a hazy altar of Hepliaklqana.
  1203 | D:2      | Reached XP level 4. HP: 23/23 MP: 5/5
  1569 | D:2      | Identified a scroll of acquirement
  1569 | D:2      | Acquired 1079 gold pieces
  1722 | D:3      | Found Haosigh's Jewellery Shoppe.
  1748 | D:3      | Bought the ring of Harmony {rPois rN+ Int+4 Dex+6} for 987
                  | gold pieces
  2336 | D:4      | Killed from afar by an orc priest

Illustrated notes

Levels and vault maps discovered:
D:1:      dpeg_arrival_tiny_k, layout_loops_ring,
          shapermc_ecumenical_altar_venn, minmay_cupped
D:2:      layout_basic, basic_altar, minmay_misc_feat_hallway,
          kennysheep_generic_room_15
D:3:      layout_basic, serial_shops, shop, serial_bayou, serial_bayou_lagoon_a,
          serial_bayou_ford_a, serial_bayou_pond_e, serial_bayou_crossing
D:4:      layout_cave_pools, nicolae_elyvilon_peaceful_grove, serial_shops, shop

Skill      XL: |  1  2  3 |
---------------+----------+-----
Dodging        | 2 3 |  3.4
Fighting       | 2 |  2.6
Short Blades   | 3 |  3.5
Throwing       | |  2.0
Stealth        | |  5.8

Action                   |  1- 3 |  4- 6 || total
-------------------------+-------+-------++-------
Melee: Dagger            |   127 |    63 ||   190
  Use: Scroll            |     3 |     3 ||     6
       Potion            |       |     1 ||     1
 Stab: Sleeping          |     8 |     8 ||    16
Armor: Robe              |    24 |     7 ||    31
Dodge: Dodged            |    78 |    41 ||   119

Table legend: (Time is in decaauts)
 A = Elapsed time spent in this place.
 B = Non-inter-level travel time spent in this place.
 C = Inter-level travel time spent in this place.
 D = Time resting spent in this place.
 E = Time spent auto-exploring this place.
 F = Levels seen in this place.
 G = Mean time per level.
                   A        B        C        D        E       F      G
               +--------+--------+--------+--------+--------+-----+--------+
         Total |   1667 |   1653 |     14 |    137 |   1201 |   4 |  416.8 |
       Dungeon |   1667 |   1653 |     14 |    137 |   1201 |   4 |  416.8 |
               +--------+--------+--------+--------+--------+-----+--------+

Top non-repeatable levels by time:
     D:1: 672 daAuts
     D:2: 492 daAuts
     D:3: 489 daAuts
     D:4: 12 daAuts
